Cogmind - Beta 13 @@@ ROGUE MODE // 2024.07.21 @ 05:23:14 Player: Carpathian Result: Self-destructed Performance ------------- Evolutions (1) 500 Regions Visited (2) 400 Robots Destroyed (13) 65 Value Destroyed (299) 299 Prototype IDs (0) 0 Alien Tech Used (0) 0 Bonus (0) 0 TOTAL SCORE: 1264 Bonus ------- None Cogmind --------- Core Integrity 363/400 Matter 103/300 Energy 100/100 System Corruption 0% Temperature Cool (0) Movement Walking (120) Location -9/Materials Parts ------- > --- POWER (2) -------- (None) > --- PROPULSION (2) --- Aluminum Leg > --- UTILITY (3) ------ Heat Sink Small Storage Unit > --- WEAPON (2) ------- (None) > --- INVENTORY (8) ---- Visual Processing Unit Sensor Array Terrain Scan Processor Hardened Light Armor Plating Peak State ------------ > --- POWER ------------ Ion Engine > --- PROPULSION ------- Aluminum Leg Aluminum Leg > --- UTILITY ---------- Heat Sink Small Storage Unit > --- WEAPON ----------- Medium Laser Grenade Launcher > --- INVENTORY -------- Visual Processing Unit Sensor Array Terrain Scan Processor Hardened Light Armor Plating EM Pulse Gun Heavy Hammer [Rating: 8] Favorites ----------- Power Ion Engine Engine Ion Engine Propulsion Aluminum Leg Leg Aluminum Leg Utility Small Storage Unit Device Heat Sink Storage Small Storage Unit Weapon Medium Laser Energy Gun Medium Laser Ballistic Gun Assault Rifle Launcher Grenade Launcher Build | -11 -10 -9 ------- Run | Yrd Mat Mat Slots Evolved 2 | . . 2 Power 1 | . . 1 Propulsion . | . . . Utility 1 | . . 1 Weapon . | . . . Parts Attached 14 | 6 5 3 Power 2 | 1 1 . Engine 2 | 1 1 . Core . | . . . Reactor . | . . . Propulsion 4 | 2 2 . Treads . | . . . Leg 4 | 2 2 . Wheel . | . . . Hover . | . . . Flight . | . . . Utility 2 | 1 1 . Device 1 | . 1 . Storage 1 | 1 . . Processor . | . . . Hackware . | . . . Protection . | . . . Artifact . | . . . Weapon 6 | 2 1 3 Energy Gun 2 | 1 . 1 Energy Cannon . | . . . Ballistic Gun 1 | 1 . . Ballistic Cannon . | . . . Launcher 2 | . 1 1 Special Weapon . | . . . Impact Weapon 1 | . . 1 Slashing Weapon . | . . . Piercing Weapon . | . . . Special Melee Weapon . | . . . Unidentified Prototypes . | . . . Parts Lost 6 | . 1 5 Power 2 | . 1 1 Propulsion 1 | . . 1 Utility . | . . . Weapon 3 | . . 3 Highest Loss Streak 5 | . 1 5 To Critical Strikes . | . . . Average Slot Usage (%) 92 | . 94 73 Engine 12 | . 12 9 Leg 26 | . 26 22 Device 11 | . 11 11 Storage 13 | . 14 11 Energy Gun 13 | . 14 9 Ballistic Gun 5 | . 6 . Launcher 7 | . 7 9 Naked Turns . | . . . Heaviest Build 16 | 12 16 16 Greatest Support 20 | 20 20 20 Greatest Overweight (x) 5 | . 5 . Average Overweight (x) . | . . . Largest Inventory Capacity 8 | 8 8 8 Average Capacity 7 | 6 8 8 Most Carried 6 | 3 5 6 Average Carried 2 | . 2 5 Final Capacity 8 | 8 8 8 Final Carried 5 | . 5 4 Class Distribution -------------------- 100% | Mutant Dominant Class ---------------- Mutant | -10/Materials Mutant | -9/Materials Resources | -11 -10 -9 ----------- Run | Yrd Mat Mat Matter Collected 241 | 146 95 . Remotely . | . . . Salvage Created 298 | . 249 49 Parts 25 | . 22 3 Haulers Intercepted 1 | . 1 . Recyclers Shooed . | . . . Parts Field Recycled . | . . . Retrieved Matter . | . . . Parts Self-Destructed . | . . . Prevented . | . . . Kills | -11 -10 -9 ------- Run | Yrd Mat Mat Combat Hostiles Destroyed 10 | . 8 2 Guns 5 | . 4 1 AOE 5 | . 4 1 Classes Destroyed 5 | . 5 . Worker 1 | . 1 . Builder 1 | . 1 . Hauler 1 | . 1 . Swarmer 3 | . 3 . Grunt 7 | . 5 2 Best Kill Streak 6 | . 6 2 Combat Bots Only 4 | . 4 2 Max Kills in Single Turn 3 | . 3 2 Gunslinging . | . . . Exploded 2 | . 2 1 Melee . | . . . Uniques/NPCs Destroyed . | . . . Combat | -11 -10 -9 -------- Run | Yrd Mat Mat Hostile Shots Fired 51 | . 43 8 Missed 12 | . 11 1 Damage Taken 690 | . 388 302 Core 117 | . 80 37 Absorbed by Shields . | . . . Core Remaining (%) 84 | 100 68 . Volleys Fired 27 | . 20 7 Largest 2 | . 2 2 Hottest 90 | . 80 90 Shots Fired 50 | . 40 10 Gun 42 | . 36 6 Cannon . | . . . Launcher 8 | . 4 4 Special . | . . . Kinetic 16 | . 16 . Thermal 23 | . 20 3 Explosive 8 | . 4 4 Electromagnetic 3 | . . 3 Robot Hit Streak 7 | . 7 6 Robot Miss Streak 2 | . 2 2 Penetration Max . | . . . Secondary Targets . | . . . Shots Hit Robots 35 | . 28 7 Core Hits 23 | . 17 6 Critical Kills . | . . . Critical Parts Destroyed . | . . . Critical Strikes 2 | . 2 . Burn 2 | . 2 . Melee Attacks . | . . . Impact . | . . . Slashing . | . . . Piercing . | . . . Sneak Attacks . | . . . Combat Hostiles . | . . . Follow-up Attacks . | . . . Damage Inflicted 849 | . 651 198 Guns 377 | . 329 48 Cannons . | . . . Explosions 472 | . 322 150 Melee . | . . . Ramming . | . . . Kinetic 179 | . 179 . Thermal 187 | . 150 37 Explosive 472 | . 322 150 Electromagnetic 11 | . . 11 Impact . | . . . Slashing . | . . . Piercing . | . . . Highest Corruption . | . . . Average Corruption . | . . . Corruption Purged . | . . . Corruption Blocked . | . . . Overload Shots . | . . . Overflow Damage 27 | . 27 . Projectiles . | . . . Explosions 27 | . 27 . Melee . | . . . Knockbacks . | . . . Impact . | . . . Kinetic . | . . . Secondary . | . . . Self-Inflicted Damage 77 | . . 77 Shots 2 | . . 2 Rammed . | . . . Targets Rammed . | . . . Kicked . | . . . Crushed . | . . . Highest Temperature 24 | . 24 . Average Temperature 6 | . 6 . Received Heat Transfer 207 | . 207 . Siege Activations . | . . . Robots Corrupted . | . . . Combat Hostiles . | . . . Parts Fried . | . . . Impact Corruptions . | . . . Robots Melted . | . . . Combat Hostiles . | . . . Parts Melted 1 | . 1 . Heat Transferred 703 | . 592 111 Parts Sabotaged . | . . . Parts Stolen . | . . . Parts Stripped . | . . . Power Chain Reactions . | . . . Alert | -11 -10 -9 ------- Run | Yrd Mat Mat Peak Influence 131 | . 131 95 Initial 42 | . . 42 Average 56 | . 65 48 Maximum Alert Level . | . . . Low Security (%) 100 | 100 100 100 Level 1 . | . . . Level 2 . | . . . Level 3 . | . . . Level 4 . | . . . Level 5 . | . . . High Security . | . . . Max Security . | . . . Squads Dispatched 1 | . 1 . Investigation . | . . . Extermination . | . . . Reinforcement 1 | . 1 . Assault . | . . . Garrison . | . . . Intercept . | . . . Searches Triggered . | . . . Construction Impeded . | . . . Haulers Reinforced . | . . . Active Scanning Responses . | . . . Cargo Convoy Interrupts . | . . . Stealth | -11 -10 -9 --------- Run | Yrd Mat Mat Distress Signals . | . . . Communications Jammed . | . . . Distress Signals . | . . . Times Spotted 12 | . 9 3 Peak Tracking Total 3 | . 3 3 Tactical Retreats . | . . . Traps | -11 -10 -9 ------- Run | Yrd Mat Mat Traps Triggered 1 | . 1 . Indirectly . | . . . Trap Hack Attempts . | . . . Triggered . | . . . Disarmed . | . . . Reprogrammed . | . . . Reused . | . . . Traps Extracted . | . . . Installed . | . . . Triggered . | . . . Machines | -11 -10 -9 ---------- Run | Yrd Mat Mat Machines Disabled 1 | . 1 . Max in Single Turn 1 | . 1 . Machines Repaired . | . . . Machines Dismantled . | . . . Machines Sabotaged . | . . . Overloaded Fab Kills . | . . . Hacking | -11 -10 -9 --------- Run | Yrd Mat Mat Machines Accessed 3 | . 3 . Terminals 3 | . 3 . Fabricators . | . . . Repair Stations . | . . . Recycling Units . | . . . Scanalyzers . | . . . Garrison Access . | . . . Total Hacks 8 | . 8 . Successful 5 | . 5 . Failed 3 | . 3 . Catastrophic . | . . . Database Lockouts . | . . . Manual . | . . . Terminals 8 | . 8 . Fabricators . | . . . Repair Stations . | . . . Recycling Units . | . . . Scanalyzers . | . . . Garrison Access . | . . . Terminal Hacks 5 | . 5 . Record 3 | . 3 . Alert Level 1 | . 1 . Investigation Status 1 | . 1 . Fabricator Hacks . | . . . Repair Station Hacks . | . . . Recycling Unit Hacks . | . . . Scanalyzer . | . . . Garrison Access Hacks . | . . . Unauthorized Hacks . | . . . Terminals . | . . . Fabricators . | . . . Repair Stations . | . . . Recycling Units . | . . . Scanalyzers . | . . . Garrison Access . | . . . Data Cores Recovered . | . . . Used . | . . . Hacking Detections 2 | . 2 . Full Trace Events . | . . . Feedback Events . | . . . Feedback Blocked . | . . . Robot Schematics Acquired . | . . . Robots Built . | . . . Authchips . | . . . Time . | . . . Total Robot Build Rating . | . . . Part Schematics Acquired . | . . . Parts Built . | . . . Authchips . | . . . Time . | . . . Total Part Build Rating . | . . . Parts Repaired . | . . . Time . | . . . Parts Recycled . | . . . Recycled Matter . | . . . Retrieved Matter . | . . . Retrieved Components . | . . . Parts Scanalyzed . | . . . Part Schematics Acquired . | . . . Parts Damaged . | . . . Bothacking | -11 -10 -9 ------------ Run | Yrd Mat Mat Used RIF Installer . | . . . Robots Hacked . | . . . Non-combat . | . . . Combat . | . . . Robot Hacks Applied . | . . . Relay Couplers Released . | . . . Fabnet Peak Effective % . | . . . Robots Rewired . | . . . Allies Hacked . | . . . Hacks Repelled . | . . . Allies | -11 -10 -9 -------- Run | Yrd Mat Mat Total Allies . | . . . Largest Group . | . . . Highest-Rated Group . | . . . Highest-Rated Ally . | . . . Total Orders . | . . . Ally Attacks . | . . . Total Damage . | . . . Kills . | . . . Allies Corrupted . | . . . Allies Melted . | . . . Intel | -11 -10 -9 ------- Run | Yrd Mat Mat Robot Analysis Total . | . . . Derelict Logs Recovered . | . . . Drone Launches . | . . . Drone Recoveries . | . . . Exploration | -11 -10 -9 ------------- Run | Yrd Mat Mat Turns Passed 834 | 80 652 102 Spaces Moved 555 | 65 423 67 Core 17 | 13 4 . Treads . | . . . Legs 538 | 52 419 67 Wheels . | . . . Hover . | . . . Flight . | . . . Fastest Speed 50 | 50 120 120 Average Speed 120 | 106 123 120 Slowest Speed 300 | 120 300 120 Overloaded Moves . | . . . Propulsion Burnouts . | . . . Robots Hopped . | . . . Cave-ins Triggered . | . . . Exploration Rate (%) 23 | 5 58 8 Regions Visited 2 Branch Regions . Pre-discovered Areas . | . . . Known Exits Taken . | . . . Unknown Exits Taken 2 | 1 1 . Scrap Searched . | . . . Spaces Dug . | . . . Terrain Destroyed 37 | . 14 23 Melee . | . . . Projectile . | . . . AOE 37 | . 14 23 Terrain Rammed . | . . . Walls Destroyed . | . . . Machines Disabled . | . . . Actions | -11 -10 -9 --------- Run | Yrd Mat Mat Total 668 | 76 514 78 Wait 56 | . 56 . Move 553 | 64 422 67 Hop . | . . . Pick Up 17 | 6 10 1 Fast Attach . | . . . Attach 12 | 6 4 2 Detach . | . . . Swap 2 | . 1 1 Drop 1 | . 1 . Fire 27 | . 20 7 Melee . | . . . Ram . | . . . Kick . | . . . Crush . | . . . Escape Stasis . | . . . Rewire . | . . . Trap . | . . . Miscellaneous . | . . . Route ------- -11/Scrapyard -10/Materials -9/Materials History --------- Turn | Location | Event 5 | -11/Scrapyard | Discovered new exit (range 16) 81 | -11/Scrapyard | Entered Materials 301 | -10/Materials | Build established: Mutant 689 | -10/Materials | Discovered new exit (range 6) 733 | -10/Materials | Entered another Materials area 733 | -9/Materials | Evolved 2 slots: Power x1, Utility x1 835 | -9/Materials | Self-destructed Last Messages --------------- until it reaches a certain quota, at which point it is transferred to the nearest [DSF]. 00689_ EXIT=FOUND 00718_ Acquired EM Pulse Gun. PARAMETERS=POWER+1,UTILITY+1 LOCATION=UNKNOWN GOAL=ESCAPE 00774_ K-01 Serf collects debris. 00787_ Acquired Hvy. Hammer. 00814_ C-30 ARC bursts open, deploying its payload. 00814_ L-31 Rogue unfolds itself. 00814_ G-34 Mercenary unfolds itself. 00818_ G-34 Mercenary destroyed. 00821_ Hvy. Hammer severed. 00823_ Med. Laser destroyed. 00828_ EM Pulse Gun destroyed. 00828_ Ion Engine destroyed. 00833_ Grenade Launcher destroyed. 00833_ Aluminum Leg destroyed. 00834_ The unstable cave ceiling collapses. Map ----- +----------------------------------------------------+ | ?????????????????????????????????? | | ?????????????????????????????????? | | ?????????????????????????????????? | | ????????????????????############?? | | ????????????????????# # """ #?? | | ????????????????????# # """ #?? | | ????????????????????# # """ #?? | | ???#####+############ + #?? | | ?? == # #?? | | ?? == # #?? | | ?? ########?? | | ??????# ##+########??###### | | ?????"" ?# #??# # | | ?????"T? ???# #??# # | | ???????? ?????# #??# # | | ???????????????#/! #??# # | | ???????????????#/! #### # | | ???????????????# ## + # | | ???????????????# ## ###### | | ???????????????# ## #! # | | ???????????????#########+## # # | | ???????????????????????# # # | | ??????????????????????## # # | | ?????????????????????## # | | ??????????????????#### # | | ??????????????????# @ # # | | ??????????????????# " l # | | ??????????????????# T # | | ??????????????????# " ##### | | ??????????????????# [% #???? | | ??????????????????# =* ###???? | | ??????????????????# % ##?????? | | ??????????????????# ##?????? | | ??????????????????# # #??????? | | ??????????????????## ## #???????? | | ??????????????????? ? ????????? | | ??????????????????####?# ????????? | | ???????????????????????# ????????? | | ??????????????????????? ????????? | | ???????????????????????? ????????? | | ???????????????????????? ????????? | | ?????????????????????????????????? | | ?????????????????????????????????? | | ?????????????????????????????????? | | ?????????????????????????????????? | | ?????????????????????????????????? | | ?????????????????????????????????? | | ?????????????????????????????????? | | ?????????????????????????????????? | | ?????????????????????????????????? | +----------------------------------------------------+ Best States ------------- Heat Dissipation 38 Energy Generation 10 Energy Capacity 250 Matter Stores 228 Matter Capacity 300 Sight Range 16 Terrain Scan Density 10 Evasion (%) 55 Item Schematics ----------------- None Robot Schematics ------------------ None Fabricated ------------ Nothing Alien Tech Used ----------------- None Achievements -------------- None Challenges ------------ None Game ------ Seed BeamProjectionEngine Manual? 0 Play Time 00:06:17 Cumulative 20.1 hours Start 2024.07.21 @ 05:17:19 End 2024.07.21 @ 05:23:14 Sessions 1 Manual Loads 0 Difficulty Rogue Special Mode None Game No. 114 Rogue 114 Adventurer 0 Explorer 0 Win Type - Total 0 Types 0/0/0/0/0/0/0/0/0 Lore% 7 Gallery% 23 Achievement% 16 Wizard Run 0 Options --------- Layout 0 ASCII 0 Keyboard 0 Movement Arrows Keybinds 0 Fullscreen 2 Font 24/Cog Map View 76x50 Zoom Use 0% Tactical HUD 1 Map Filters NONE Filters NONE Steam 1 RUN: 3cc18f51-c807-4782-b9cb-5be61c1fa85f